 Dungeon Crawl Stone Soup version 0.19-a0-1792-g28b16ba (webtiles) character file.

6218 twist the Cleaver (level 10, -5/136 HPs)
             Began as a Minotaur Berserker on Oct 4, 2016.
             Was a High Priest of Trog.
             Slain by a freezing wraith (6 damage)
             ... in an ice cave.
             The game lasted 00:15:33 (8489 turns).

twist the Cleaver (Minotaur Berserker)              Turns: 8489, Time: 00:15:33

Health: -5/136     AC: 15    Str: 27    XL:     10   Next: 61%
Magic:  9/9        EV: 13    Int:  4    God:    Trog [*****.]
Gold:   611        SH:  3    Dex: 15    Spells: 0 memorised, 9 levels left

rFire  . . .     SeeInvis .     q - +1 hand axe (elec)
rCold  + . .     Gourm    .     Q - +0 scale mail
rNeg   . . .     Faith    .     j - +0 buckler
rPois  .         Spirit   .     (helmet restricted)
rElec  .         Dismiss  .     a - +1 cloak
rCorr  .         Reflect  .     y - +2 pair of gloves
MR     .....     Harm     .     (no boots)
Stlth  ..........               (no amulet)
                                p - ring of protection from cold
                                h - +2 ring of protection

@: berserking, slowed
A: retaliatory headbutt, horns 2, agile 1
a: Berserk, Trog's Hand, Brothers in Arms, Burn Spellbooks, Renounce Religion


You were in an ice cave.
You worshipped Trog.
Trog was extremely pleased with you.
You were hungry.

You visited 2 branches of the dungeon, and saw 10 of its levels.
You also visited: Sewer and Ice Cave.

You collected 611 gold pieces.

Inventory:

Hand Weapons
 q - a +1 hand axe of electrocution (weapon)
 C - a +0 blowgun
 V - a +0 battleaxe of freezing
 Y - a +0 morningstar
Missiles
 D - 41 poisoned needles
 I - 5 curare-tipped needles
 L - 5 needles of sleeping
Armour
 a - a +1 cloak (worn)
 j - a +0 buckler (worn)
 y - a +2 pair of gloves (worn)
 B - the +4 ring mail "Dimalot" {rCorr Str+6 Int-5}
   (You found it on level 4 of the Dungeon)

   It affects your strength (+6).
   It affects your intelligence (-5).
   It protects you from acid and corrosion.
 Q - a +0 scale mail (worn)
Jewellery
 e - an uncursed ring of poison resistance
 h - a +2 ring of protection (left hand)
 p - a ring of protection from cold (right hand)
 A - an uncursed ring of resist corrosion
 G - a +4 ring of intelligence
 M - the ring "Cusher" {rF- rC+ Str+7}
   (You found it on level 5 of the Dungeon)

   [ring of protection from cold]

   It affects your strength (+7).
   It makes you vulnerable to fire.
   It protects you from cold.
Wands
 w - a wand of acid (7/15)
 H - a wand of teleportation (9/9)
 J - a wand of iceblast (11/15)
 N - a wand of hasting (5/9)
 R - a wand of flame (27/48)
 S - a wand of teleportation (5/9)
 U - a wand of confusion (18/48)
 W - a wand of digging (15/24)
Scrolls
 b - 3 scrolls of remove curse
 i - 2 scrolls of blinking
 l - 6 scrolls of teleportation
 P - a scroll of recharging
Potions
 d - 7 potions of curing
 f - 7 potions of brilliance
 g - 4 potions of heal wounds
 k - 3 potions of berserk rage
 o - 2 potions of invisibility
 s - a potion of haste {unknown}
 t - 4 potions of might
 x - a potion of agility {unknown}
 z - 2 potions of degeneration {unknown}
 E - a potion of flight {unknown}
 F - a potion of lignification
 Z - a potion of resistance
Comestibles
 c - 6 bread rations
 m - 5 meat rations
 n - 10 fruits
 K - 2 beef jerkies


   Skills:
 + Level 9.2 Fighting
 * Level 14.7 Axes
 + Level 6.5 Armour
 + Level 5.9 Dodging


You had 9 spell levels left.
You didn't know any spells.

Dungeon Overview and Level Annotations

Branches:
Dungeon (9/15)             Temple (0/1) D:5            Lair (1/6) D:8
    Orc: D:9-12

Altars:
Cheibriados
Yredelemnul

Shops:
D:4 }   D:8 (

Annotations:
D:5 1 runed door


Innate Abilities, Weirdness & Mutations

You reflexively headbutt those who attack you in melee.
You have a pair of horns on your head.
You are agile. (Dex +2)


Message History

A red film seems to cover your vision as you go berserk!
You feel yourself moving faster!
You feel mighty!
You feel somewhat more hungry. The freezing wraith hits you!
* * * LOW HITPOINT WARNING * * *
The freezing wraith freezes you. You resist.
* * * LOW HITPOINT WARNING * * *
The freezing wraith barely misses you. The freezing wraith misses you.
The freezing wraith hits you.
* * * LOW HITPOINT WARNING * * *
The freezing wraith drains your vigour!
You feel as though you will be slow longer.
Unknown command.
You barely miss the freezing wraith. You headbutt the freezing wraith!
The freezing wraith is heavily damaged.
You hit the freezing wraith.
The freezing wraith hits you but does no damage.
You block the freezing wraith's attack. The freezing wraith hits you!
* * * LOW HITPOINT WARNING * * *
The freezing wraith freezes you. You resist.
You die...

# ##. ## #...
##. ##.. ##..
###... ##...
##...#
####....
#.WW#
##.......
#.@###
##....###.
#....##
#...### ##
##....##
#..##
###...###...#
##...###..##
##...###..##
##...###..##
###.......#
###....##


You could see 2 freezing wraiths.

Vanquished Creatures
  A komodo dragon (Lair:1)
  2 freezing wraiths (IceCv)
  2 hippogriffs
  Sigmund (D:5)
  Eustachio (D:5)
  A death yak simulacrum (IceCv)
  13 ice beasts
  2 orc warriors
  An alligator simulacrum (IceCv)
  5 ogres
  6 centaurs
  4 big kobolds
  2 bullfrogs (D:8)
  4 scorpions
  5 killer bees (D:9)
  8 wights (D:8)
  3 howler monkeys (D:8)
  2 crimson imps
  4 hounds
  2 quasits (D:8)
  2 bullfrog skeletons
  A gnoll shaman (D:8)
  A jelly (D:7)
  3 centaur skeletons
  Ijyb (D:3)
  An orc wizard (D:8)
  A polar bear simulacrum (IceCv)
  3 worker ants
  A wolf simulacrum (IceCv)
  2 hound zombies
  A hound skeleton (D:4)
  4 gnolls (D:8)
  4 river rats (Sewer)
  10 adders
  A shadow imp (D:5)
  5 white imps (IceCv)
  2 oozes
  2 adder skeletons
  2 worms
  The ghost of 4thArraOfDagon the Slasher, a weakling MiMo (D:4)
  2 dart slugs
  5 leopard geckos
  25 orcs
  14 bats
  5 giant cockroaches
  6 goblins
  10 hobgoblins
  3 jackals (D:6)
  29 kobolds
  A quokka (D:3)
  8 ball pythons
  A ball python skeleton (D:4)
  A leopard gecko skeleton (D:4)
  A quokka skeleton (D:7)
  31 rats
259 creatures vanquished.

Notes
Turn   | Place    | Note
-------+----------+-------------------------------------------
     0 | D:1      | twist the Minotaur Berserker began the quest for the Orb.
     0 | D:1      | Reached XP level 1. HP: 19/19 MP: 0/0
   312 | D:1      | Reached skill level 4 in Axes
   314 | D:1      | Reached XP level 2. HP: 22/27 MP: 1/1
   731 | D:2      | Reached XP level 3. HP: 32/33 MP: 2/2
  1466 | D:2      | Reached skill level 5 in Axes
  1549 | D:2      | Reached XP level 4. HP: 33/40 MP: 3/3
  1656 | D:2      | Reached ** piety under Trog
  1824 | D:3      | Noticed Ijyb
  1841 | D:3      | Killed Ijyb
  2052 | D:3      | Reached XP level 5. HP: 28/47 MP: 4/4
  2053 | D:3      | Reached skill level 6 in Axes
  2230 | D:4      | Noticed an ogre
  2237 | D:4      | Killed an ogre
  2274 | D:4      | Found a snail-covered altar of Cheibriados.
  2278 | D:4      | Reached skill level 7 in Axes
  2397 | D:4      | Noticed 4thArraOfDagon's ghost (weakling MiMo)
  2403 | D:4      | Reached XP level 6. HP: 53/53 MP: 5/5
  2403 | D:4      | Killed 4thArraOfDagon's ghost
  2405 | D:4      | Found Amasuaqogra's Gadget Emporium.
  2430 | D:4      | Got a polished ring mail
  2469 | D:4      | Identified the +4 ring mail "Dimalot" {rCorr Str+6 Int-5} (You found it on level 4 of the Dungeon)
  2522 | D:4      | Reached *** piety under Trog
  2701 | D:4      | Found a glowing drain.
  2706 | Sewer    | Entered a sewer
  2757 | Sewer    | Reached skill level 8 in Axes
  2897 | Sewer    | Reached **** piety under Trog
  2903 | Sewer    | Reached XP level 7. HP: 45/60 MP: 6/6
  3587 | D:5      | Entered Level 5 of the Dungeon
  3596 | D:5      | Reached skill level 5 in Fighting
  3596 | D:5      | Reached skill level 9 in Axes
  3696 | D:5      | Noticed Sigmund
  3709 | D:5      | Killed Sigmund
  4141 | D:5      | Reached skill level 10 in Axes
  4154 | D:5      | Reached XP level 8. HP: 68/69 MP: 7/7
  4160 | D:5      | Noticed Eustachio
  4169 | D:5      | Killed Eustachio
  4254 | D:5      | Got a clouded granite ring
  4256 | D:5      | Identified the ring "Cusher" {rF- rC+ Str+7} (You found it on level 5 of the Dungeon)
  4328 | D:5      | Found a runed door.
  4330 | D:5      | Found a basalt altar of Yredelemnul.
  4342 | D:5      | Found a staircase to the Ecumenical Temple.
  5283 | D:7      | Reached skill level 11 in Axes
  5331 | D:7      | Noticed a hippogriff
  5344 | D:7      | Killed a hippogriff
  5344 | D:7      | Reached skill level 5 in Dodging
  6003 | D:8      | Found Zaac's Weapon Shop.
  6032 | D:8      | Reached XP level 9. HP: 71/78 MP: 8/8
  6053 | D:8      | Reached skill level 12 in Axes
  6175 | D:8      | Found a staircase to the Lair.
  6386 | D:8      | Gained mutation: You are agile. (Dex +2) [potion of beneficial mutation]
  6401 | D:8      | Reached ***** piety under Trog
  6596 | D:8      | Reached skill level 13 in Axes
  7170 | D:9      | Reached skill level 5 in Armour
  7820 | D:9      | Reached XP level 10. HP: 81/88 MP: 9/9
  7894 | Lair:1   | Entered Level 1 of the Lair of Beasts
  7993 | Lair:1   | Found a frozen archway.
  8045 | Lair:1   | Reached skill level 14 in Axes
  8085 | IceCv    | Entered an ice cave
  8489 | IceCv    | HP: 1/136 [freezing wraith (10)]
  8489 | IceCv    | Slain by a freezing wraith

Vault maps used:
D:1:      dpeg_arrival_water_temple_mockup, st_stairs_11
D:2:      minmay_ruptured
D:3:      lemuel_another_geyser, uniq_iyjb
D:4:      serial_shops, nicolae_shop_stone, lightli_sewer_entry_pipes,
          cheibriados_altar_wand_db
D:5:      first_bread, dk_yredelemnul_ordeal, uniq_eustachio, uniq_sigmund
D:7:      kennysheep_nub
D:8:      lair_0_dummy, serial_shops, shop
Lair:1:   portal_ice_cave_entry_ice_beasts, uniq_fannar
Sewer:    sewer_minmay_treatment
IceCv:    ice_cave_small_necro

Skill      XL: |  1  2  3  4  5  6  7  8  9 10 |
---------------+-------------------------------+-----
Axes           | 4 5 7 8 10 11 13 14 | 14.7
Fighting       | 4 5 6 8 9 |  9.2
Dodging        | 3 4 5 |  5.9
Armour         | 5 6 |  6.5

Action                   |  1- 3 |  4- 6 |  7- 9 | 10-12 || total
-------------------------+-------+-------+-------+-------++-------
Melee: Hand axe          |    85 |   119 |   276 |    47 ||   527
       Headbutt          |    14 |    18 |    54 |    16 ||   102
       War axe           |       |    16 |       |       ||    16
       Battleaxe         |       |       |       |    16 ||    16
Invok: Berserk           |       |     2 |       |     4 ||     6
       Trog's Hand       |       |       |       |     1 ||     1
  Use: Scroll            |       |    12 |    11 |       ||    23
       Potion            |       |       |     1 |       ||     1
 Stab: Sleeping          |       |     1 |       |       ||     1
  Eat: Chunk             |     2 |     6 |    14 |     4 ||    26
       Pizza             |       |       |       |     2 ||     2
Armor: Animal skin       |    21 |    28 |    16 |       ||    65
       Scale mail        |       |       |    57 |    30 ||    87
Dodge: Dodged            |    56 |    70 |   124 |    42 ||   292
Block: Buckler           |     2 |    16 |    32 |     3 ||    53
